 Dungeon Crawl Stone Soup version 0.24.0-3-g28a8eb0610 (webtiles) character file.

Game seed: 6833502199515508902, levelgen mode: deterministic

18421 Brecoman the Cleaver (level 12, -1/64 HPs)
             Began as a Tengu Air Elementalist on Oct 29, 2019.
             Was a High Priest of Vehumet.
             Killed from afar by an efreet (23 damage)
             ... with a fireball
             ... on level 12 of the Dungeon on Nov 1, 2019.
             The game lasted 01:12:17 (15157 turns).

Brecoman the Cleaver (Tengu Air Elementalist)      Turns: 15157, Time: 01:12:18

Health: -1/64      AC:  8    Str:  8    XL:     12   Next: 58%
Magic:  2/25       EV: 22    Int: 24    God:    Vehumet [*****.]
Gold:   656        SH:  5    Dex: 18    Spells: 0/27 levels left

rFire    . . .     SeeInvis +   s - +0 broad axe (curse)
rCold    . . .     Gourm    .   t - +0 buckler
rNeg     . . .     Faith    .   D - +3 robe of Fallacy {Dex+3 Slay+6}
rPois    .         Spirit   .   (helmet restricted)
rElec    .         Reflect  .   o - +0 cloak
rCorr    .         Harm     .   J - +1 pair of gloves
MR       +....                  (boots unavailable)
Stlth    +++.......             E - amulet of magic regeneration
HPRegen  0.20/turn              g - ring of the Devil's Advocate {MR+ Int+3 Slay+3 SInv}
MPRegen  0.44/turn              w - ring of stealth

@: flying quickly and evasively, quick
A: beak, talons 3, able to fly
a: Stop Flying, Renounce Religion


You were on level 12 of the Dungeon.
You worshipped Vehumet.
Vehumet was extremely pleased with you.
You were hungry.

You visited 1 branch of the dungeon, and saw 12 of its levels.
You also visited: Bailey.

You collected 656 gold pieces.

Inventory:

Hand Weapons
 s - a cursed +0 broad axe (weapon)
Missiles
 h - 238 stones (quivered)
 n - a throwing net
Armour
 o - a +0 cloak (worn)
 t - a +0 buckler (worn)
 D - the +3 robe of Fallacy (worn) {Dex+3 Slay+6}
   (You found it on level 8 of the Dungeon)

   It affects your dexterity (+3).
   It affects your accuracy and damage with ranged weapons and melee attacks
   (+6).
 G - a scarf of cloud immunity
 J - a +1 pair of gloves (worn)
Jewellery
 g - the ring of the Devil's Advocate (left hand) {MR+ Int+3 Slay+3 SInv}
   (You acquired it on level 9 of the Dungeon)

   [ring of intelligence]

   It affects your intelligence (+3).
   It affects your accuracy and damage with ranged weapons and melee attacks
   (+3).
   It affects your resistance to hostile enchantments.
   It lets you see invisible.
 r - an uncursed ring of resist corrosion
 w - a ring of stealth (right hand)
 E - an amulet of magic regeneration (around neck)
Wands
 b - a wand of paralysis (14)
 i - a wand of scattershot (5)
 j - a wand of iceblast (19)
 m - a wand of enslavement (14)
 p - a wand of flame (11)
 B - a wand of polymorph (9)
Scrolls
 a - a scroll of silence
 d - 4 scrolls of remove curse
 e - 2 scrolls of enchant armour
 u - 3 scrolls of fear
 v - 2 scrolls of teleportation
 x - 3 scrolls of identify
 y - a scroll of magic mapping {unknown}
 z - a scroll of enchant weapon
 K - a scroll of brand weapon {unknown}
 N - a scroll of fog
Potions
 f - 4 potions of curing
 k - 2 potions of agility
 l - 3 potions of haste
 q - a potion of invisibility
 A - 2 potions of brilliance
 C - a potion of resistance
 I - 2 potions of cancellation {unknown}
 L - a potion of lignification {unknown}
 M - a potion of heal wounds {unknown}
Comestibles
 c - 22 rations
 H - 2 chunks of flesh


   Skills:
 - Level 2.4 Fighting
 * Level 11.9 Axes
 + Level 8.0 Dodging
 - Level 2.0 Stealth
 - Level 4.0 Shields
 + Level 8.2 Spellcasting
 + Level 11.1 Conjurations
 + Level 0.7 Summonings
 + Level 2.5 Fire Magic
 - Level 11.2 Air Magic


You couldn't memorise any spells.
You knew the following spells:

 Your Spells              Type           Power        Failure   Level  Hunger
a - Shock                 Conj/Air       ####         1%          1    None
b - Swiftness             Chrm/Air       #####...     1%          2    None
c - Spellforged Servitor  Conj/Summ      #####.....   71%         7    #######
d - Airstrike             Air            ######....   1%          4    ##.....
e - Dazzling Spray        Conj/Hex       #####.       1%          3    None
f - Lightning Bolt        Conj/Air       ######....   1%          5    #####..
g - Fireball              Conj/Fire      #####.....   3%          5    #####..

Your spell library contained the following spells:

 Spells                   Type           Power        Failure   Level  Hunger
 Static Discharge         Conj/Air       ######..     1%          3    None
 Summon Small Mammal      Summ           ##..         4%          1    None
 Animate Skeleton         Necr           N/A          6%          1    None
 Apportation              Tloc           #.....       6%          1    None
 Confusing Touch          Hex            #.....       6%          1    None


Dungeon Overview and Level Annotations

Branches:
Dungeon (12/15)            Temple (0/1) D:4            Lair (0/6) D:11
    Orc (0/2) D:10         Bailey (visited)

Altars:
Ashenzari
Trog
Vehumet
Xom
The Shining One

Shops:
D:4 :   D:7 :   D:9 [

Annotations:
D:5 Eustachio


Innate Abilities, Weirdness & Mutations

You have a beak for a mouth.
You have claws for feet.
You can fly continuously.


Message History

Confirm with . or Enter, or press ? or * to list all spells.
Aiming: Airstrike (safe; 1% risk of failure)
Press: ? - help, Dir - move target cursor, f - efreet
Aim: an efreet, wielding a +1 scimitar of flaming The air twists around and violently strikes the efreet!
The efreet is moderately wounded.
The efreet gestures at you.
The fireball explodes!
The fireball engulfs you!! The efreet gestures at you.
The bolt of fire hits you!!
Casting: Airstrike (safe; 1% risk of failure)
Confirm with . or Enter, or press ? or * to list all spells.
Aiming: Airstrike (safe; 1% risk of failure)
Press: ? - help, Dir - move target cursor, f/p - efreet
Aim: an efreet, wielding a +1 scimitar of flaming (moderately wounded)
The air twists around and violently strikes the efreet!
The efreet is severely wounded.
The efreet gestures at you.
The fireball explodes!
The fireball engulfs you!!
You die...

.. # ..# # .. .#
#.#.##.# #.## ##.#. #.#
...########... #.#
...○R.○R(##..# #.#
.>°#####○##..####.#
#☼## #°##R....#.## .#
#. #.°☼..###@..####..#
#. ####..# #.<........
#R ####..# #..........
#○ #....#...#..####.#.
.. #.########..#
##.#.#. #. #.#
#..##....... #.#
#[÷.........
###.########...#.#.....
#......................


You could see an efreet.

Vanquished Creatures
  Josephine (D:11)
  2 hydras
  A centaur warrior (D:11)
  2 two-headed ogres
  Erica (D:11)
  Sonja (D:11)
  An unseen horror (D:10)
  An orc knight (Bailey)
  4 trolls
  A hippogriff (D:9)
  2 dream sheep (D:8)
  A shadow (D:11)
  4 wyverns (D:11)
  3 wraiths
  16 yaks
  2 hungry ghosts
  A steam dragon (D:11)
  4 vampire mosquitoes (D:12)
  2 water moccasins
  Duvessa (D:7)
  5 orc warriors
  A swamp drake (D:10)
  3 sky beasts
  2 necrophages (D:11)
  A black bear (D:6)
  3 ice beasts
  4 ogres
  10 centaurs
  A crocodile (D:11)
  3 big kobolds
  7 bullfrogs
  A wyvern zombie (D:6)
  Dowan (D:7)
  4 scorpions
  4 killer bees (D:8)
  13 wights
  5 howler monkeys
  6 crimson imps
  4 hounds
  A quasit (D:5)
  2 centaur skeletons
  5 orc priests
  A jelly (D:10)
  10 orc wizards
  A bullfrog skeleton (D:6)
  Natasha (twice) (D:4)
  5 worker ants
  Ijyb (D:3)
  A hound zombie (D:9)
  7 gnolls
  12 adders
  3 shadow imps
  2 oozes
  5 adder skeletons
  2 worms
  2 dart slugs
  7 leopard geckos
  33 orcs
  A ball python (D:2)
  6 giant cockroaches
  12 hobgoblins
  4 jackals
  4 quokkas
  8 bats
  4 frilled lizards
  11 goblins
  19 kobolds
  A leopard gecko zombie (D:7)
  5 rats
  A fungus (D:3)
307 creatures vanquished.

Vanquished Creatures (others)
  5 toadstools (D:3)
5 creatures vanquished.

Grand Total: 312 creatures vanquished

Notes
Turn   | Place    | Note
-------+----------+-------------------------------------------
     0 | D:1      | Brecoman the Tengu Air Elementalist began the quest for the
                  | Orb.
     0 | D:1      | Reached XP level 1. HP: 10/10 MP: 4/4
   186 | D:1      | Reached XP level 2. HP: 2/16 MP: 0/6
   552 | D:1      | Reached skill level 1 in Fighting
   955 | D:1      | Reached XP level 3. HP: 17/20 MP: 2/7
  1173 | D:1      | Upgraded the game from 0.24.0-2-g5b39cebb1c to
                  | 0.24.0-3-g28a8eb0610
  1778 | D:2      | Found a radiant altar of Vehumet.
  1784 | D:2      | Became a worshipper of Vehumet
  1847 | D:2      | Reached XP level 4. HP: 15/26 MP: 1/8
  2119 | D:2      | Learned a level 2 spell: Swiftness
  2123 | D:2      | Learned a level 3 spell: Static Discharge
  2202 | D:2      | Found a faded altar of an unknown god.
  2472 | D:2      | Reached skill level 5 in Air Magic
  2569 | D:2      | Gained mutation: You can fly continuously. [Tengu growth]
  2569 | D:2      | Reached XP level 5. HP: 30/30 MP: 5/10
  3328 | D:3      | Reached * piety under Vehumet
  3328 | D:3      | Offered knowledge of Sting by Vehumet.
  3648 | D:3      | Found a shimmering altar of Xom.
  3745 | D:3      | Noticed Ijyb
  3757 | D:3      | Killed Ijyb
  3757 | D:3      | Reached XP level 6. HP: 24/36 MP: 6/11
  4277 | D:4      | Found Xewom's Book Shop.
  4455 | D:4      | Found a glowing golden altar of the Shining One.
  4455 | D:4      | Found a bloodstained altar of Trog.
  4527 | D:4      | Found a staircase to the Ecumenical Temple.
  4538 | D:4      | Noticed Natasha
  4554 | D:4      | Killed Natasha
  4615 | D:4      | Noticed Natasha
  4628 | D:4      | Killed Natasha
  4773 | D:5      | Entered Level 5 of the Dungeon
  4814 | D:5      | Found a shattered altar of Ashenzari.
  4973 | D:5      | Noticed Eustachio
  5214 | D:5      | Noticed an ice beast
  5227 | D:5      | Killed an ice beast
  5227 | D:5      | Reached XP level 7. HP: 27/40 MP: 8/13
  5944 | D:6      | Reached skill level 1 in Axes
  5971 | D:5      | Reached skill level 5 in Conjurations
  6259 | D:6      | Reached skill level 1 in Shields
  6532 | D:6      | Reached XP level 8. HP: 34/45 MP: 7/15
  6757 | D:6      | Learned a level 4 spell: Airstrike
  7773 | D:7      | Noticed Duvessa
  7773 | D:7      | Noticed Dowan
  7784 | D:7      | Killed Duvessa
  7791 | D:7      | Killed Dowan
  7931 | D:7      | Offered knowledge of Sandblast by Vehumet.
  8053 | D:7      | Found Qobat's Book Shop.
  8083 | D:7      | Reached ** piety under Vehumet
  8083 | D:7      | Reached skill level 5 in Axes
  8167 | D:7      | Reached XP level 9. HP: 49/49 MP: 7/17
  8263 | D:7      | Noticed a troll
  8276 | D:7      | Killed a troll
  8276 | D:7      | Reached skill level 5 in Spellcasting
  9508 | D:8      | Got a distressingly furry robe
  9519 | D:8      | Identified the +3 robe of Fallacy {Dex+3 Slay+6} (You found
                  | it on level 8 of the Dungeon)
 10223 | D:8      | Noticed a three-headed hydra
 10227 | D:8      | Killed a three-headed hydra
 10227 | D:8      | Reached XP level 10. HP: 27/54 MP: 6/20
 10393 | D:8      | Offered knowledge of Dazzling Spray by Vehumet.
 10398 | D:8      | Learned a level 3 spell: Dazzling Spray
 10404 | D:8      | Learned a level 5 spell: Lightning Bolt
 10698 | D:9      | Identified a scroll of acquirement
 10699 | D:9      | Got an ancient turquoise ring
 10701 | D:9      | Identified the ring of the Devil's Advocate {MR+ Int+3
                  | Slay+3 SInv} (You acquired it on level 9 of the Dungeon)
 10937 | D:9      | Reached *** piety under Vehumet
 11177 | D:9      | Reached skill level 5 in Dodging
 11392 | D:9      | Found Goless's Armour Shoppe.
 11608 | D:9      | Noticed a two-headed ogre
 11629 | D:9      | Killed a two-headed ogre
 11921 | D:10     | Entered Level 10 of the Dungeon
 11933 | D:10     | Offered knowledge of Sticky Flame by Vehumet.
 11991 | D:10     | Reached XP level 11. HP: 58/58 MP: 13/22
 12010 | D:10     | Noticed an unseen horror
 12022 | D:10     | Killed an unseen horror
 12022 | D:10     | Reached skill level 10 in Air Magic
 12122 | D:10     | Found a flagged portal.
 12148 | Bailey   | Entered a bailey
 12296 | Bailey   | Noticed an orc knight
 12299 | Bailey   | Killed an orc knight
 12312 | Bailey   | Reached **** piety under Vehumet
 12319 | Bailey   | Got a fine plate armour
 12325 | Bailey   | Found a burning altar of Makhleb.
 12463 | D:10     | Reached skill level 10 in Axes
 12494 | D:10     | Offered knowledge of Fireball by Vehumet.
 12539 | D:10     | Learned a level 5 spell: Fireball
 12691 | D:10     | Found a staircase to the Orcish Mines.
 12777 | D:10     | Identified the +9 plate armour of Perpetual Drought {rN+
                  | rCorr Int+2 Dex-3} (You found it in a bailey)
 13237 | D:11     | Noticed Erica
 13238 | D:11     | Noticed a two-headed ogre
 13587 | D:11     | Killed a two-headed ogre
 13637 | D:11     | Reached skill level 10 in Conjurations
 13725 | D:11     | Noticed Sonja
 13729 | D:11     | Killed Sonja
 14020 | D:11     | Killed Erica
 14074 | D:11     | Noticed an eight-headed hydra
 14084 | D:11     | Killed an eight-headed hydra
 14084 | D:11     | Reached XP level 12. HP: 64/64 MP: 8/24
 14161 | D:11     | Noticed Josephine
 14317 | D:11     | Reached ***** piety under Vehumet
 14344 | D:11     | Offered knowledge of Spellforged Servitor by Vehumet.
 14426 | D:11     | Reached skill level 1 in Fire Magic
 14489 | D:11     | Found a staircase to the Lair.
 14680 | D:11     | Killed Josephine
 14683 | D:11     | Noticed a centaur warrior
 14854 | D:11     | Killed a centaur warrior
 14887 | D:11     | Learned a level 7 spell: Spellforged Servitor
 15157 | D:12     | Killed from afar by an efreet

Levels and vault maps discovered:
D:1:      noname_arrival_rooms_in_the_neighbourhood, layout_basic,
          minmay_misc_feat_iff
D:2:      layout_rooms, marbit_many_paths, chequers_ecumenical_altar_twisty
D:3:      layout_basic, tgw_xom, first_ration, minmay_gold_behind_fungi,
          uniq_ijyb
D:4:      layout_rooms, gammafunk_temple_overflow_elements,
          minmay_temple_entry_junction, serial_shops, kennysheep_mini_moat,
          uniq_natasha
D:5:      layout_gridville, basic_altar, uniq_eustachio
D:6:      layout_basic
D:7:      layout_basic, serial_shops, nicolae_shop_statue_plus, uniq_duvessa
D:8:      layout_rooms, hangedman_ranch [blue_anna_fruit_fields]
D:9:      layout_stronghold, serial_shops, shop
D:10:     layout_basic, erik_orc_1, enter_bailey_3,
          hangedman_abyss_or_decor_passed
D:11:     layout_roguey, erik_lair_dragon, minmay_microvault, uniq_erica,
          uniq_josephine, uniq_sonja
D:12:     layout_loops_ring, enter_trove_5, serial_shops, shop,
          roderic_nine_men_s_morris

Skill      XL: |  1  2  3  4  5  6  7  8  9 10 11 12 |
---------------+-------------------------------------+-----
Conjurations   | 2 3 4 5 6 8 9 10 11 | 11.1
Fighting       | 1 2 |  2.4
Air Magic      | 5 6 7 9 11 | 11.2
Spellcasting   | 3 4 6 7 8 |  8.2
Dodging        | 3 4 5 7 8 |  8.0
Axes           | 2 5 7 9 11 | 11.9
Shields        | 1 3 4 |  4.0
Fire Magic     | 2 |  2.5
Stealth        | |  2.0
Summonings     | |  0.7

Action                   |  1- 3 |  4- 6 |  7- 9 | 10-12 || total
-------------------------+-------+-------+-------+-------++-------
Melee: Dagger            |    17 |    21 |       |       ||    38
       Kick              |     1 |     9 |    14 |    36 ||    60
       Peck              |     2 |     3 |     8 |    16 ||    29
       Broad axe         |       |       |    60 |   114 ||   174
Throw: Stone             |     1 |       |       |       ||     1
 Cast: Shock             |    56 |   135 |   130 |    32 ||   353
       Airstrike         |       |       |    50 |   180 ||   230
       Swiftness         |       |       |     1 |       ||     1
       Lightning Bolt    |       |       |       |    25 ||    25
       Dazzling Spray    |       |       |       |     2 ||     2
       Static Discharge  |       |       |       |     5 ||     5
       Fireball          |       |       |       |     1 ||     1
 Abil: Fly               |       |     1 |       |       ||     1
Evoke: Wand              |       |       |     1 |       ||     1
  Use: Scroll            |       |    10 |     1 |    11 ||    22
       Potion            |       |       |       |     1 ||     1
 Stab: Sleeping          |     1 |       |     1 |     4 ||     6
  Eat: Chunk             |     3 |    10 |    10 |    32 ||    55
       Ration            |       |       |     4 |     1 ||     5
Armor: Robe              |     3 |     5 |    22 |    12 ||    42
Dodge: Dodged            |    22 |    28 |    97 |    97 ||   244
Block: Buckler           |       |       |    26 |    51 ||    77
